 Dungeon Crawl Stone Soup version 0.21.1-1-g345015fe64 (webtiles) character file.

1268 Knicklaso the Skirmisher (level 8, 0/68 HPs)
             Began as a Demonspawn Wanderer on Apr 11, 2018.
             Was a Believer of Okawaru.
             Splashed by a jelly's acid (8 damage)
             ... on level 5 of the Dungeon.
             The game lasted 00:42:54 (9711 turns).

Knicklaso the Skirmisher (Demonspawn Wanderer)      Turns: 9711, Time: 00:42:58

Health: 0/68       AC:  1    Str: 16    XL:     8   Next: 28%
Magic:  12/12      EV:  9    Int: 10    God:    Okawaru [**....]
Gold:   481        SH:  0    Dex: 15    Spells: 7/7 levels left

rFire    . . .     SeeInvis .   a - +2 spear
rCold    . . .     Gourm    .   (no shield)
rNeg     . . .     Faith    .   r - +0 scale mail
rPois    .         Spirit   .   v - +0 helmet
rElec    .         Reflect  .   u - +1 cloak
rCorr    .         Harm     .   (no gloves)
MR       .....     Clarity  +   (no boots)
Stlth    ++........             (no amulet)
HPRegen  0.21/turn              (no ring)
MPRegen  0.13/turn              (no ring)

@: corroded
A: hooves 1, clarity, foul stench 1, nightstalker 2, rot immunity, subdued magic
1
a: Heroism, Renounce Religion


You were on level 5 of the Dungeon.
You worshipped Okawaru.
Okawaru was pleased with you.
You were very hungry.

You visited 1 branch of the dungeon, and saw 5 of its levels.
You also visited: Sewer and Ossuary.

You collected 481 gold pieces.

Inventory:

Hand Weapons
 a - a +2 spear (weapon)
 b - a +0 blowgun
 d - a +0 dagger
 i - a +1 short sword of electrocution
 D - a +0 trident of freezing
Missiles
 F - 80 poisoned needles (quivered)
 J - 7 curare-tipped needles
Armour
 r - a +0 scale mail (worn)
 u - a +1 cloak (worn)
 v - a +0 helmet (worn)
 A - a +0 shield
 B - a +0 chain mail
Jewellery
 c - an uncursed amulet of guardian spirit {unknown}
 C - an uncursed amulet of guardian spirit {unknown}
Wands
 y - a wand of acid (5)
 H - a wand of flame (27)
Scrolls
 e - 6 scrolls of fog
 j - a scroll of noise
 k - 2 scrolls of amnesia {unknown}
 n - 4 scrolls of enchant armour
 t - 5 scrolls of remove curse
 w - a scroll of identify
 z - 4 scrolls of teleportation
 E - 2 scrolls of random uselessness
 G - a scroll of acquirement {unknown}
 I - a scroll of blinking {unknown}
Potions
 g - 3 potions of brilliance
 h - 4 potions of degeneration
 l - 3 potions of heal wounds
 m - a potion of magic {unknown}
 o - a potion of mutation
 p - 2 potions of curing
 q - 2 potions of haste {unknown}
 s - a potion of resistance
 x - a potion of ambrosia {unknown}
Comestibles
 f - 8 rations


   Skills:
 + Level 7.7 Fighting
 - Level 2.6 Polearms
   Level 1.0 Crossbows
 - Level 1.7 Armour
 - Level 1.0 Dodging
 - Level 1.7 Stealth
 + Level 3.9 Shields
 + Level 5.7 Invocations


You had 7 spell levels left.
You didn't know any spells.

Dungeon Overview and Level Annotations

Branches:
Dungeon (5/15)
 Temple: D:4-7

Altars:
Cheibriados
Dithmenos
Kikubaaqudgha
Nemelex Xobeh
Okawaru
Sif Muna
Vehumet
Wu Jian

Shops:
D:4 }

Annotations:
D:4 martbhell's ghost, amateur SpEn


Innate Abilities, Weirdness & Mutations

You have large cloven feet.
You may emit foul miasma when damaged in melee.
You are significantly more attuned to the shadows.
You are immune to rotting.
You possess an exceptional clarity of mind.
Your spells are a little easier to cast, but a little less powerful.


Message History

You are too injured to fight recklessly!
You hit the jelly but do no damage. The acid corrodes you!
Your hands burn!
You kick the jelly.
The jelly is severely wounded.
The jelly hits you but does no damage.
You hit the jelly.
Your hands burn!
You kick the jelly, but do no damage.
The jelly is severely wounded.
The jelly hits you but does no damage.
Your scale mail prevents you from hitting the jelly.
You kick the jelly.
The jelly is almost dead.
The jelly hits you.
You are splashed with acid!
The acid burns!
* * * LOW HITPOINT WARNING * * *
You hit the jelly but do no damage.
Your hands burn!
* * * LOW HITPOINT WARNING * * *
The jelly is almost dead.
The jelly hits you.
* * * LOW HITPOINT WARNING * * *
You are splashed with acid!
The acid burns!
You die...

............#
####.####..#
#.....##..# ...
.#.......#..# ...
#.#.......#..# ....
#....._......#
....##.#.......#..#
....J..#.......#..#
#@.##.....## .#
##.####.####..#
#...........
##..########
..?..## ######


You could see a jelly.

Vanquished Creatures
  An ogre (D:4)
  3 big kobolds (Sewer)
  Blork the orc (D:5)
  A scorpion (D:4)
  5 orc priests
  3 orc wizards (D:4)
  An iguana (D:4)
  6 worker ants
  A hound skeleton (D:4)
  8 mummies (Ossuary)
  4 gnolls
  11 adders
  3 river rats (Sewer)
  4 oozes
  6 worms
  3 dart slugs
  4 leopard geckos
  19 orcs
  2 ball pythons
  7 giant cockroaches
  2 gnoll zombies (Ossuary)
  5 goblins
  8 hobgoblins
  9 jackals
  A quokka (D:2)
  6 bats
  4 frilled lizards
  3 hobgoblin zombies (Ossuary)
  A jackal skeleton (D:4)
  23 kobolds
  A kobold zombie (Ossuary)
  2 orc zombies (Ossuary)
  A quokka zombie (D:5)
  10 rats
169 creatures vanquished.

Notes
Turn   | Place    | Note
-------+----------+-------------------------------------------
     0 | D:1      | Knicklaso the Demonspawn Wanderer began the quest for the Orb.
     0 | D:1      | Knicklaso set off with: a +2 spear, a scroll of teleportation, a +0 ring mail, a +0 dagger, a ration
     0 | D:1      | Reached XP level 1. HP: 15/15 MP: 1/1
   329 | D:1      | Reached skill level 2 in Fighting
   342 | D:1      | Gained mutation: You have large cloven feet. [demonic ancestry]
   342 | D:1      | Reached XP level 2. HP: 21/22 MP: 2/2
   747 | D:2      | Reached skill level 3 in Fighting
   764 | D:2      | Gained mutation: You are slightly more attuned to the shadows. [demonic ancestry]
   764 | D:2      | Reached XP level 3. HP: 27/29 MP: 3/3
   994 | D:2      | Found a faded altar of an unknown god.
  1008 | D:2      | Became a worshipper of Warmaster Okawaru
  1008 | D:2      | Reached * piety under Okawaru
  1443 | D:2      | Gained mutation: You are significantly more attuned to the shadows. [demonic ancestry]
  1443 | D:2      | Reached XP level 4. HP: 37/37 MP: 4/4
  1480 | D:2      | Reached skill level 4 in Fighting
  2073 | D:2      | Found a sparkling altar of Nemelex Xobeh.
  2941 | D:2      | Reached skill level 5 in Fighting
  2941 | D:2      | Reached XP level 5. HP: 19/44 MP: 5/5
  4169 | D:3      | Reached skill level 6 in Fighting
  4401 | D:3      | Gained mutation: You are immune to rotting. [demonic ancestry]
  4401 | D:3      | Reached XP level 6. HP: 34/52 MP: 6/6
  4583 | D:3      | Found a snail-covered altar of Cheibriados.
  4583 | D:3      | Found a deep blue altar of Sif Muna.
  4919 | D:4      | Found a sand-covered staircase.
  4926 | Ossuary  | Entered an ossuary
  5105 | Ossuary  | Reached skill level 1 in Invocations
  5485 | Ossuary  | Reached skill level 1 in Shields
  5782 | D:4      | Reached ** piety under Okawaru
  6165 | D:4      | Gained mutation: You may emit foul miasma when damaged in melee. [demonic ancestry]
  6165 | D:4      | Reached XP level 7. HP: 44/59 MP: 7/9
  6499 | D:4      | Noticed martbhell's ghost (amateur SpEn)
  6720 | D:4      | Found a radiant altar of Vehumet.
  6789 | D:4      | Reached skill level 7 in Fighting
  6832 | D:3      | Gained mutation: Your spells are a little easier to cast, but a little less powerful. [potion of mutation]
  6832 | D:3      | Gained mutation: You possess an exceptional clarity of mind. [potion of mutation]
  7513 | D:4      | Found Duehah's Gadget Shop.
  7942 | D:5      | Entered Level 5 of the Dungeon
  7973 | D:5      | Found a shadowy altar of Dithmenos.
  7973 | D:5      | Found an ancient bone altar of Kikubaaqudgha.
  8039 | D:5      | Noticed Blork the orc
  8058 | D:5      | Killed Blork the orc
  8287 | D:5      | Found a glowing drain.
  8313 | Sewer    | Entered a sewer
  8349 | Sewer    | Reached skill level 5 in Invocations
  8349 | Sewer    | Reached XP level 8. HP: 66/67 MP: 11/11
  9655 | D:5      | Found an ornate altar of the Wu Jian Council.
  9711 | D:5      | Splashed by a jelly's acid

Skill      XL: |  1  2  3  4  5  6  7 |
---------------+----------------------+-----
Fighting       | 2 3 5 6 7 |  7.7
Invocations    | 2 5 |  5.7
Shields        | 1 3 |  3.9
Polearms       | |  2.6
Crossbows      | |  1.0
Armour         | |  1.7
Dodging        | |  1.0
Stealth        | |  1.7

Action                   |  1- 3 |  4- 6 |  7- 9 || total
-------------------------+-------+-------+-------++-------
Melee: Spear             |   118 |   284 |   361 ||   763
       Kick              |    14 |    72 |    92 ||   178
 Fire: Blowgun           |       |    12 |    67 ||    79
Throw: Stone             |     1 |     4 |       ||     5
Invok: Heroism           |       |       |     2 ||     2
  Use: Scroll            |       |     6 |     3 ||     9
       Potion            |       |       |     4 ||     4
 Stab: Distracted        |       |     1 |       ||     1
       Sleeping          |       |     1 |     1 ||     2
  Eat: Chunk             |     1 |    12 |     8 ||    21
       Ration            |       |     1 |     1 ||     2
Armor: Ring mail         |    10 |       |       ||    10
       Scale mail        |    20 |    79 |   126 ||   225
Dodge: Dodged            |    31 |    92 |   160 ||   283
